| TOP OF THE 1ST |
|
Milwaukee Brewers batting - Pitching for Arizona Diamondbacks : RHP Marcus Wolfe
|
|
Pitching: RHP Marcus Wolfe
|
|
|
Batting: RHB Akitada Nishizawa
|
0-0: Ball 1-0: Swinging Strike 1-1: Fly out, F6 (Line Drive, 6, EV 64.4 MPH)
|
|
Batting: SHB Jamel Wright
|
0-0: Swinging Strike 0-1: Ball 1-1: Swinging Strike 1-2: Ball 2-2: SINGLE (Popup, 6MD, EV 68.8 MPH)
|
|
Batting: SHB Lewis Thorpe Jr.
|
0-0: Called Strike 0-1: Called Strike 0-2: Ball 1-2: Ball 2-2: Grounds into double play, 4-6-3 (Groundball, 4, EV 83.1 MPH)
|
| Top of the 1st over - 0 runs, 1 hit, 0 errors, 0 left on base; Milwaukee 0 - Arizona 0 |
| BOTTOM OF THE 1ST |
|
Arizona Diamondbacks batting - Pitching for Milwaukee Brewers : LHP Nolan Stefanski
|
|
Pitching: LHP Nolan Stefanski
|
|
|
Batting: RHB Steve Bartman Jr.
|
0-0: Called Strike 0-1: Ball 1-1: Swinging Strike 1-2: Strikes out swinging
|
|
Batting: SHB Alec Thorpe
|
0-0: Ball 1-0: Ground out 6-3 (Groundball, 6, EV 103.1 MPH)
|
|
Batting: RHB David Price Jr.
|
0-0: Ball 1-0: Swinging Strike 1-1: Foul Ball, location: 2F 1-2: SINGLE (Groundball, 6M, EV 110.6 MPH)
|
|
Batting: SHB Perry Tuckfard
|
0-0: Called Strike 0-1: Foul Ball, location: 2F 0-2: Ball 1-2: Fly out, F3 (Popup, 3F, EV 76.2 MPH)
|
| Bottom of the 1st over - 0 runs, 1 hit, 0 errors, 1 left on base; Milwaukee 0 - Arizona 0 |
| TOP OF THE 2ND |
|
Milwaukee Brewers batting - Pitching for Arizona Diamondbacks : RHP Marcus Wolfe
|
|
Batting: SHB Jason Woods
|
0-0: Swinging Strike 0-1: Called Strike 0-2: Strikes out swinging
|
|
Batting: RHB Bobby Muniz
|
0-0: Ball 1-0: Ball 2-0: Fly out, F7 (Flyball, 7S, EV 89.4 MPH)
|
|
Batting: SHB Jean-François Bernard
|
0-0: Ball 1-0: Ball 2-0: Fly out, F9 (Flyball, 89D, EV 81.2 MPH)
|
| Top of the 2nd over - 0 runs, 0 hits, 0 errors, 0 left on base; Milwaukee 0 - Arizona 0 |
| BOTTOM OF THE 2ND |
|
Arizona Diamondbacks batting - Pitching for Milwaukee Brewers : LHP Nolan Stefanski
|
|
Batting: RHB Andy Swaim
|
0-0: Foul Ball, location: 2F 0-1: SINGLE (Groundball, 25, EV 66.2 MPH) (infield hit)
|
|
Batting: RHB Katilimomi Kelekolio
|
0-0: Ball 1-0: Ball 2-0: Ball 3-0: Swinging Strike 3-1: Foul Ball, location: 2F 3-2: Foul Ball, location: 2F 3-2: Strikes out looking
|
|
Batting: RHB Billy Crookston
|
0-0: Swinging Strike 0-1: Ball 1-1: Foul Ball, location: 2F 1-2: Strikes out swinging
|
|
Batting: SHB Salvador Aragon
|
0-0: Ball 1-0: Fly out, F9 (Flyball, 9S, EV 89.4 MPH)
|
| Bottom of the 2nd over - 0 runs, 1 hit, 0 errors, 1 left on base; Milwaukee 0 - Arizona 0 |
| TOP OF THE 3RD |
|
Milwaukee Brewers batting - Pitching for Arizona Diamondbacks : RHP Marcus Wolfe
|
|
Batting: RHB Noah Stanley
|
0-0: Called Strike 0-1: Fly out, F9 (Line Drive, 89D, EV 95.0 MPH)
|
|
Batting: RHB Daniel Donovan
|
0-0: Ball 1-0: Ground out 5-3 (Groundball, 5, EV 82.5 MPH)
|
|
Batting: RHB Kisho Ito
|
0-0: SINGLE (Groundball, 4MD, EV 98.8 MPH)
|
|
Batting: RHB Akitada Nishizawa
|
0-0: Ball Passed Ball! Kisho Ito to second 1-0: Ball 2-0: Ball Wild Pitch! Kisho Ito to third 3-0: Called Strike 3-1: DOUBLE (Groundball, 5L, EV 101.2 MPH) Kisho Ito scores
|
|
Batting: SHB Jamel Wright
|
0-0: Swinging Strike 0-1: Called Strike 0-2: Ball 1-2: Ball 2-2: Foul Ball, location: 2F 2-2: Ball 3-2: Base on Balls
|
|
Batting: SHB Lewis Thorpe Jr.
|
0-0: Called Strike 0-1: Ball 1-1: Ground out 4-3 (Groundball, 4, EV 89.4 MPH)
|
| Top of the 3rd over - 1 run, 2 hits, 0 errors, 2 left on base; Milwaukee 1 - Arizona 0 |
| BOTTOM OF THE 3RD |
|
Arizona Diamondbacks batting - Pitching for Milwaukee Brewers : LHP Nolan Stefanski
|
|
Batting: SHB Andrew Wray II
|
0-0: Called Strike 0-1: Ball 1-1: Foul Ball, location: 2F 1-2: Ground out 1-3 (Groundball, 13S, EV 69.4 MPH)
|
|
Batting: RHB Steve Bartman Jr.
|
0-0: Ball 1-0: Foul Ball, location: 2F 1-1: Ball 2-1: Ball 3-1: Base on Balls
|
|
Batting: SHB Alec Thorpe
|
0-0: Foul Ball, location: 2F 0-1: Ball 1-1: Swinging Strike 1-2: Strikes out swinging
|
|
Batting: RHB David Price Jr.
|
0-0: Called Strike 0-1: Fielders Choice at 2nd, 6-4 (Groundball, 6, EV 83.8 MPH)
|
| Bottom of the 3rd over - 0 runs, 0 hits, 0 errors, 1 left on base; Milwaukee 1 - Arizona 0 |
| TOP OF THE 4TH |
|
Milwaukee Brewers batting - Pitching for Arizona Diamondbacks : RHP Marcus Wolfe
|
|
Batting: SHB Jason Woods
|
0-0: Ball 1-0: Ball 2-0: Foul Ball, location: 2F 2-1: Foul Ball, location: 2F 2-2: Strikes out swinging
|
|
Batting: RHB Bobby Muniz
|
0-0: Ball 1-0: SINGLE (Flyball, 3D, EV 86.2 MPH)
|
|
Batting: SHB Jean-François Bernard
|
0-0: Ball 1-0: Fielders Choice at 2nd, 1-6 (Groundball, 34S, EV 64.4 MPH)
|
|
Batting: RHB Noah Stanley
|
0-0: Called Strike 0-1: Foul Ball, location: 2F 0-2: Ball 1-2: Ball 2-2: Strikes out swinging
|
| Top of the 4th over - 0 runs, 1 hit, 0 errors, 1 left on base; Milwaukee 1 - Arizona 0 |
| BOTTOM OF THE 4TH |
|
Arizona Diamondbacks batting - Pitching for Milwaukee Brewers : LHP Nolan Stefanski
|
|
Batting: SHB Perry Tuckfard
|
0-0: Swinging Strike 0-1: Ball 1-1: Foul Ball, location: 2F 1-2: Ball 2-2: Strikes out swinging
|
|
Batting: RHB Andy Swaim
|
0-0: Fly out, F8 (Flyball, 8LD, EV 81.9 MPH)
|
|
Batting: RHB Katilimomi Kelekolio
|
0-0: DOUBLE (Groundball, 5L, EV 100.0 MPH)
|
|
Batting: RHB Billy Crookston
|
0-0: Ball 1-0: Ball 2-0: Ball 3-0: Base on Balls
|
|
Batting: SHB Salvador Aragon
|
0-0: Ball 1-0: Called Strike 1-1: Called Strike 1-2: Foul Ball, location: 2F 1-2: Ball 2-2: Strikes out swinging
|
| Bottom of the 4th over - 0 runs, 1 hit, 0 errors, 2 left on base; Milwaukee 1 - Arizona 0 |
| TOP OF THE 5TH |
|
Milwaukee Brewers batting - Pitching for Arizona Diamondbacks : RHP Marcus Wolfe
|
|
Batting: RHB Daniel Donovan
|
0-0: Called Strike 0-1: Ball 1-1: Swinging Strike 1-2: SINGLE (Line Drive, 8LS, EV 108.1 MPH)
|
|
Batting: RHB Kisho Ito
|
0-0: Ball 1-0: Ball 2-0: Ball 3-0: Grounds into double play, 4-6-3 (Groundball, 34, EV 82.5 MPH)
|
|
Batting: RHB Akitada Nishizawa
|
0-0: Ball 1-0: Swinging Strike 1-1: SOLO HOME RUN (Flyball, 7LD, EV 94.4 MPH), Distance : 341 ft
|
|
Batting: SHB Jamel Wright
|
0-0: Ball 1-0: Foul Ball, location: 2F 1-1: Foul Ball, location: 2F 1-2: Ball 2-2: DOUBLE (Flyball, 78D, EV 113.1 MPH)
|
|
Batting: SHB Lewis Thorpe Jr.
|
0-0: Ball 1-0: Ground out 1-3 (Groundball, 25, EV 65.6 MPH)
|
| Top of the 5th over - 1 run, 3 hits, 0 errors, 1 left on base; Milwaukee 2 - Arizona 0 |
| BOTTOM OF THE 5TH |
|
Arizona Diamondbacks batting - Pitching for Milwaukee Brewers : LHP Nolan Stefanski
|
|
Batting: SHB Andrew Wray II
|
0-0: Ball 1-0: Called Strike 1-1: Ball 2-1: SOLO HOME RUN (Flyball, 9D, EV 94.4 MPH), Distance : 372 ft
|
|
Batting: RHB Steve Bartman Jr.
|
0-0: Ball 1-0: Ball 2-0: Called Strike 2-1: Ball 3-1: Base on Balls
|
|
Batting: SHB Alec Thorpe
|
0-0: Foul Ball, location: 2F 0-1: Foul Ball, location: 2F 0-2: Ball 1-2: Strikes out swinging
|
|
Batting: RHB David Price Jr.
|
0-0: Called Strike 0-1: Swinging Strike 0-2: Ball 1-2: Fly out, F3 (Popup, 23F, EV 88.1 MPH)
|
|
Batting: SHB Perry Tuckfard
|
0-0: Ball 1-0: Ball 2-0: 2-RUN HOME RUN (Flyball, 89XD, EV 106.9 MPH), Distance : 416 ft
|
|
Batting: RHB Andy Swaim
|
0-0: Called Strike 0-1: Ball 1-1: Foul Ball, location: 2F 1-2: Foul Ball, location: 2F 1-2: Foul Ball, location: 2F 1-2: Foul Ball, location: 2F 1-2: Ball 2-2: Foul Ball, location: 2F 2-2: Ground out 5-3 (Groundball, 5S, EV 90.6 MPH)
|
| Bottom of the 5th over - 3 runs, 2 hits, 0 errors, 0 left on base; Milwaukee 2 - Arizona 3 |
| TOP OF THE 6TH |
|
Milwaukee Brewers batting - Pitching for Arizona Diamondbacks : RHP Marcus Wolfe
|
|
Batting: SHB Jason Woods
|
0-0: Foul Ball, location: 2F 0-1: Ball 1-1: Ball 2-1: Ground out 6-3 (Groundball, 4, EV 86.2 MPH)
|
|
Batting: RHB Bobby Muniz
|
0-0: Fly out, F7 (Flyball, 78D, EV 105.0 MPH)
|
|
Batting: SHB Jean-François Bernard
|
0-0: Ground out 4-3 (Groundball, 4, EV 84.4 MPH)
|
| Top of the 6th over - 0 runs, 0 hits, 0 errors, 0 left on base; Milwaukee 2 - Arizona 3 |
| BOTTOM OF THE 6TH |
|
Arizona Diamondbacks batting - Pitching for Milwaukee Brewers : LHP Nolan Stefanski
|
|
Batting: RHB Katilimomi Kelekolio
|
0-0: Ball 1-0: Called Strike 1-1: Called Strike 1-2: Strikes out looking
|
|
Batting: RHB Billy Crookston
|
0-0: Ball 1-0: Ball 2-0: Called Strike 2-1: Ball 3-1: Called Strike 3-2: Base on Balls
|
|
Pitching: RHP Chitoji Takemoto
|
|
|
Batting: SHB Salvador Aragon
|
0-0: Called Strike 0-1: Foul Ball, location: 2F 0-2: Ball 1-2: Ball 2-2: Foul Ball, location: 2F 2-2: Strikes out swinging
|
|
Batting: SHB Andrew Wray II
|
0-0: Ball 1-0: Ball 2-0: Swinging Strike 2-1: Foul Ball, location: 2F 2-2: Strikes out swinging
|
| Bottom of the 6th over - 0 runs, 0 hits, 0 errors, 1 left on base; Milwaukee 2 - Arizona 3 |
| TOP OF THE 7TH |
|
Milwaukee Brewers batting - Pitching for Arizona Diamondbacks : RHP Marcus Wolfe
|
|
Batting: RHB Noah Stanley
|
0-0: Foul Ball, location: 2F 0-1: Ball 1-1: Fly out, F8 (Flyball, 8LM, EV 83.8 MPH)
|
|
Batting: RHB Daniel Donovan
|
0-0: Called Strike 0-1: Called Strike 0-2: Ground out 6-3 (Groundball, 6, EV 103.1 MPH)
|
|
Batting: RHB Kisho Ito
|
0-0: Ball 1-0: Ball 2-0: Fly out, F7 (Flyball, 7LD, EV 103.8 MPH)
|
| Top of the 7th over - 0 runs, 0 hits, 0 errors, 0 left on base; Milwaukee 2 - Arizona 3 |
| BOTTOM OF THE 7TH |
|
Arizona Diamondbacks batting - Pitching for Milwaukee Brewers : RHP Chitoji Takemoto
|
|
Batting: RHB Steve Bartman Jr.
|
0-0: Ball 1-0: Called Strike 1-1: Called Strike 1-2: Ball 2-2: Ball 3-2: Strikes out looking
|
|
Batting: SHB Alec Thorpe
|
0-0: Ball 1-0: Called Strike 1-1: Ball 2-1: SINGLE (Line Drive, 8RS, EV 90.6 MPH)
|
|
Batting: RHB David Price Jr.
|
0-0: Foul Ball, location: 2F 0-1: Grounds into double play, 4-6-3 (Groundball, 4M, EV 83.8 MPH)
|
| Bottom of the 7th over - 0 runs, 1 hit, 0 errors, 0 left on base; Milwaukee 2 - Arizona 3 |
| TOP OF THE 8TH |
|
Milwaukee Brewers batting - Pitching for Arizona Diamondbacks : RHP Marcus Wolfe
|
|
Pitching: RHP Rich Ortega
|
|
|
Batting: RHB Akitada Nishizawa
|
0-0: Ball 1-0: Called Strike 1-1: Ball 2-1: Foul Ball, location: 2F 2-2: SINGLE (Line Drive, 7S, EV 98.8 MPH)
|
|
Batting: SHB Jamel Wright
|
0-0: Grounds into double play, 6-4-3 (Groundball, 56, EV 104.4 MPH)
|
|
Batting: SHB Lewis Thorpe Jr.
|
0-0: Ball 1-0: Foul Ball, location: 2F 1-1: Ball 2-1: Foul Ball, location: 2F 2-2: Foul Ball, location: 2F 2-2: SINGLE (Groundball, 25, EV 61.2 MPH) (infield hit)
|
|
Batting: SHB Jason Woods
|
0-0: Called Strike 0-1: Ball Lewis Thorpe Jr. steals 2nd base 1-1: Foul Ball, location: 2F 1-2: Foul Ball, location: 2F 1-2: Ball 2-2: Ball 3-2: 2-RUN HOME RUN (Flyball, 89XD, EV 102.5 MPH), Distance : 382 ft
|
|
Batting: RHB Bobby Muniz
|
0-0: Ball 1-0: Foul Ball, location: 2F 1-1: Foul Ball, location: 2F 1-2: Strikes out swinging
|
| Top of the 8th over - 2 runs, 3 hits, 0 errors, 0 left on base; Milwaukee 4 - Arizona 3 |
| BOTTOM OF THE 8TH |
|
Arizona Diamondbacks batting - Pitching for Milwaukee Brewers : RHP Chitoji Takemoto
|
|
Batting: SHB Perry Tuckfard
|
0-0: Hit by Pitch
|
|
Batting: RHB Andy Swaim
|
0-0: Called Strike 0-1: Ball 1-1: Fielders Choice at 2nd, 2-4 (Groundball, 2L, EV 62.5 MPH)
|
|
Batting: RHB Katilimomi Kelekolio
|
0-0: Ball 1-0: Foul Ball, location: 2F 1-1: Ball 2-1: Ball 3-1: SINGLE (Groundball, 34D, EV 102.5 MPH) Andy Swaim to second Runner from 2nd tries for 3rd, SAFE, throw by RF made at trailing runner, OUT! 9-6
|
|
Batting: LHB Eric Klasek
|
0-0: Ball 1-0: Ball 2-0: Ball 3-0: Called Strike 3-1: Ground out 6-3 (Groundball, 6, EV 105.0 MPH)
|
| Bottom of the 8th over - 0 runs, 1 hit, 0 errors, 1 left on base; Milwaukee 4 - Arizona 3 |
| TOP OF THE 9TH |
|
Milwaukee Brewers batting - Pitching for Arizona Diamondbacks : RHP Rich Ortega
|
|
Pitching: LHP Mario Valdivia
|
|
|
Batting: SHB Jean-François Bernard
|
0-0: SINGLE (Line Drive, 5L, EV 97.5 MPH)
|
|
Batting: RHB Noah Stanley
|
0-0: Ball 1-0: Called Strike 1-1: Ball 2-1: Foul Ball, location: 2F 2-2: Ball Jean-François Bernard is caught stealing 2nd base 2-4 3-2: Foul Ball, location: 2F 3-2: Strikes out swinging
|
|
Batting: RHB Daniel Donovan
|
0-0: Called Strike 0-1: Ball 1-1: Foul Ball, location: 2F 1-2: Ball 2-2: Foul Ball, location: 2F 2-2: Strikes out swinging
|
| Top of the 9th over - 0 runs, 1 hit, 0 errors, 0 left on base; Milwaukee 4 - Arizona 3 |
| BOTTOM OF THE 9TH |
|
Arizona Diamondbacks batting - Pitching for Milwaukee Brewers : RHP Chitoji Takemoto
|
|
Pitching: RHP Brett Rosinsky
|
|
|
Batting: SHB Salvador Aragon
|
0-0: SOLO HOME RUN (Flyball, 7D, EV 98.1 MPH), Distance : 368 ft
|
|
Batting: SHB Andrew Wray II
|
0-0: Ball 1-0: Foul Ball, location: 2F 1-1: Ball 2-1: Swinging Strike 2-2: Strikes out swinging
|
|
Pinch Hitting: LHB Armando Carbajal
|
0-0: Ground out 4-3 (Groundball, 4M, EV 83.1 MPH)
|
|
Batting: SHB Alec Thorpe
|
0-0: Called Strike 0-1: Ball 1-1: Called Strike 1-2: Strikes out swinging
|
| Bottom of the 9th over - 1 run, 1 hit, 0 errors, 0 left on base; Milwaukee 4 - Arizona 4 |
| TOP OF THE 10TH |
|
Milwaukee Brewers batting - Pitching for Arizona Diamondbacks : LHP Mario Valdivia
|
|
Pitching: LHP Chris Baran
|
|
|
Now at 1B: Armando Carbajal
|
|
|
Batting: RHB Kisho Ito
|
0-0: Ball 1-0: Ball 2-0: Ball 3-0: Base on Balls
|
|
Batting: RHB Akitada Nishizawa
|
0-0: Grounds into double play, 4-6-3 (Groundball, 34, EV 87.5 MPH)
|
|
Batting: SHB Jamel Wright
|
0-0: Ball 1-0: Called Strike 1-1: Ball 2-1: Foul Ball, location: 2F 2-2: Ground out 4-3 (Groundball, 4M, EV 100.0 MPH)
|
| Top of the 10th over - 0 runs, 0 hits, 0 errors, 0 left on base; Milwaukee 4 - Arizona 4 |
| BOTTOM OF THE 10TH |
|
Arizona Diamondbacks batting - Pitching for Milwaukee Brewers : RHP Brett Rosinsky
|
|
Batting: RHB David Price Jr.
|
0-0: Called Strike 0-1: Ball 1-1: Ball 2-1: Swinging Strike 2-2: Foul Ball, location: 2F 2-2: Ball 3-2: Strikes out looking
|
|
Batting: SHB Perry Tuckfard
|
0-0: Called Strike 0-1: Ball 1-1: Foul Ball, location: 2F 1-2: Strikes out looking
|
|
Batting: RHB Andy Swaim
|
0-0: Swinging Strike 0-1: Called Strike 0-2: Ball 1-2: Strikes out swinging
|
| Bottom of the 10th over - 0 runs, 0 hits, 0 errors, 0 left on base; Milwaukee 4 - Arizona 4 |
| TOP OF THE 11TH |
|
Milwaukee Brewers batting - Pitching for Arizona Diamondbacks : LHP Chris Baran
|
|
Batting: SHB Lewis Thorpe Jr.
|
0-0: Called Strike 0-1: Swinging Strike 0-2: Hit by Pitch
|
|
Batting: SHB Jason Woods
|
0-0: Swinging Strike 0-1: Swinging Strike 0-2: Strikes out swinging
|
|
Batting: RHB Bobby Muniz
|
0-0: Called Strike 0-1: Ball 1-1: 2-RUN HOME RUN (Flyball, 7D, EV 100.0 MPH), Distance : 378 ft
|
|
Batting: SHB Jean-François Bernard
|
0-0: Called Strike 0-1: Foul Ball, location: 2F 0-2: Foul Ball, location: 2F 0-2: Strikes out looking
|
|
Batting: RHB Noah Stanley
|
0-0: Ball 1-0: Foul Ball, location: 2F 1-1: Swinging Strike 1-2: Strikes out swinging
|
| Top of the 11th over - 2 runs, 1 hit, 0 errors, 0 left on base; Milwaukee 6 - Arizona 4 |
| BOTTOM OF THE 11TH |
|
Arizona Diamondbacks batting - Pitching for Milwaukee Brewers : RHP Brett Rosinsky
|
|
Batting: RHB Katilimomi Kelekolio
|
0-0: Ball 1-0: Called Strike 1-1: Ball 2-1: Ball 3-1: Foul Ball, location: 2F 3-2: SINGLE (Groundball, 56S, EV 63.8 MPH) (infield hit)
|
|
Batting: LHB Eric Klasek
|
0-0: Foul Ball, location: 2F 0-1: Ball 1-1: Ball 2-1: Swinging Strike 2-2: Foul Ball, location: 2F 2-2: Ball 3-2: Base on Balls Katilimomi Kelekolio to second
|
|
Batting: SHB Salvador Aragon
|
0-0: Ball 1-0: Sac Bunt to 13S - play at first, batter OUT! 1-4 Katilimomi Kelekolio to third Eric Klasek to second
|
|
Batting: SHB Andrew Wray II
|
0-0: Called Strike 0-1: Ball 1-1: SINGLE (Groundball, 4M, EV 108.8 MPH) (infield hit) Katilimomi Kelekolio scores Eric Klasek to third
|
|
Pitching: RHP Mekonen Mahfudh
|
|
|
Batting: LHB Armando Carbajal
|
0-0: Called Strike 0-1: Ball 1-1: Ball 2-1: Called Strike 2-2: Foul Ball, location: 2F 2-2: Strikes out swinging
|
|
Batting: SHB Alec Thorpe
|
0-0: Called Strike 0-1: Fly out, F8 (Flyball, 8RD, EV 102.5 MPH)
|
| Bottom of the 11th over - 1 run, 2 hits, 0 errors, 2 left on base; Milwaukee 6 - Arizona 5 |
|